 Dungeon Crawl Stone Soup version 0.27.1-34-g3ba077fa99 (webtiles) character file.

Game seed: 16108054096823402934

86 Descartes the Magician (level 4, -1/31 HPs)
             Began as an Octopode Wanderer on Jan 20, 2022.
             Slain by a small abomination (23 damage)
             ... created by the touch of Lugonu
             ... on level 1 of the Dungeon.
             The game lasted 00:03:11 (1587 turns).

Descartes the Magician (Octopode Wanderer)          Turns: 1587, Time: 00:03:12

Health: -1/31      AC:  1    Str: 14    XL:     4   Next: 50%
Magic:  10/10      EV: 10    Int: 13    God:
Gold:   101        SH:  8    Dex: 10    Spells: 11/11 levels left

rFire    . . .     SeeInvis .   c - +0 war axe
rCold    . . .     Faith    .   b - +0 kite shield
rNeg     . . .     Spirit   .   (helmet restricted)
rPois    .         Reflect  .   (no amulet)
rElec    .         Harm     .   (no ring)
rCorr    .         Rampage  .   (no ring)
Will     .....                  (no ring)
Stlth    ++........             (no ring)
HPRegen  0.10/turn              (no ring)
MPRegen  0.12/turn              (no ring)
                                (no ring)
                                (no ring)

@: no status effects
A: almost no armour, amphibious, 8 rings, camouflage 1, gelatinous body 1,
(nimble swimmer 1), tentacles
a: no special abilities


You were on level 1 of the Dungeon.
You visited 1 branch of the dungeon, and saw 2 of its levels.

You collected 101 gold pieces.

Inventory:

Hand Weapons
 a - a +0 club
 c - a +0 war axe (weapon)
Missiles
 d - 10 stones (quivered)
Armour
 b - a +0 kite shield (worn)
Scrolls
 f - a scroll of noise {unknown}
 g - a scroll of summoning {unknown}
Potions
 e - 2 potions of heal wounds {unknown}


   Skills:
 - Level 3.0 Fighting
 + Level 2.5 Axes
 + Level 3.6 Shields
 - Level 4.0 Spellcasting
 - Level 1.0 Ice Magic


You had 11 spell levels left.
You didn't know any spells.
Your spell library contained the following spells:

 Spells                   Type           Power      Damage    Failure   Level
 Corpse Rot               Necr/Air       N/A        N/A       80%         2
 Sublimation of Blood     Necr           1%         N/A       80%         2


Dungeon Overview and Level Annotations

Branches:
Dungeon (2/15)

Altars:
Lugonu

Shops:
D:1 =


Innate Abilities, Weirdness & Mutations

You cannot wear most types of armour.
You are amphibious.
You can wear up to eight rings at the same time.
Your skin changes colour to match your surroundings (Stealth+).
Your rubbery body absorbs attacks. (AC +1, EV +1)
((You are camouflaged near water. (Stealth+)))
You have tentacles for arms and can constrict up to eight enemies at once.


Message History

Lugonu's wrath scatters you! Space warps around you!
You are suddenly yanked towards a nearby monster!
Your surroundings seem slightly different.
Something loses its grip on you.
You lose your grip on something.
Found a scroll labelled LUZ XOEVISIDOS.
Lugonu sends minions to punish you.
A small abomination comes into view.
A jackal comes into view.
Found a stone staircase leading down.
The small abomination barely misses you.
There is a stone staircase leading up here.
The small abomination barely misses you.
You climb upwards.
There is a stone staircase leading down here.
You barely miss the small abomination.
Your squeeze misses the small abomination.
The small abomination closely misses you.
You slash the small abomination!
The small abomination is moderately damaged.
The small abomination barely misses you.
You barely miss the small abomination.
The small abomination is moderately damaged.
The small abomination hits you but does no damage.
You block the small abomination's attack.
You hit the small abomination.
The small abomination is moderately damaged.
The small abomination closely misses you.
You closely miss the small abomination. You squeeze the small abomination.
The small abomination is heavily damaged.
The small abomination closely misses you.
You hit the small abomination.
You squeeze the small abomination, but do no damage.
The small abomination is heavily damaged.
The small abomination hits you.
You barely miss the small abomination.
The small abomination is heavily damaged.
The small abomination hits you!!
Ouch! That really hurt!
You die...

########## .........#########
................@#
######.#....####x######
#.#..............# ###
#.#.....###.####.# ..# #.#.....#
#.# #.# ..# ##.§...## #.#
#.###########
..####..≈≈§..###.####............
.....#.≈§≈≈≈.#.#....#############
..####§§§§≈≈.#..)...#


You could see a small abomination.

Vanquished Creatures
  A scorpion (D:1)
  A dart slug (D:1)
  3 ball pythons
  2 bats (D:1)
  4 endoplasms
  3 giant cockroaches
  2 goblins (D:1)
  A hobgoblin (D:1)
  2 quokkas
  2 frilled lizards (D:1)
  4 kobolds
  2 rats (D:1)
27 creatures vanquished.

Notes
Turn   | Place    | Note
-------+----------+-------------------------------------------
     0 | D:1      | Descartes the Octopode Wanderer began the quest for the
                  | Orb.
     0 | D:1      | Descartes set off with the following items: a +0 club, a +0
                  | kite shield; and the following spells available to
                  | memorise: Corpse Rot, Sublimation of Blood
     0 | D:1      | Reached XP level 1. HP: 16/16 MP: 5/5
   327 | D:1      | Reached XP level 2. HP: 14/21 MP: 7/7
   471 | D:1      | Reached skill level 1 in Axes
   519 | D:1      | Found Yssiages's Jewellery Shoppe.
   915 | D:1      | Reached XP level 3. HP: 21/26 MP: 8/8
   983 | D:1      | Found a faded altar of an unknown god.
  1111 | D:1      | Became a worshipper of Lugonu the Unformed
  1111 | D:1      | Reached * piety under Lugonu
  1111 | D:1      | Reached ** piety under Lugonu
  1112 | D:1      | Fell from the grace of Lugonu
  1150 | D:2      | Noticed a scorpion
  1160 | D:1      | Killed a scorpion
  1161 | D:1      | Reached XP level 4. HP: 10/31 MP: 10/10
  1587 | D:1      | Slain by a small abomination

Illustrated notes

Levels and vault maps discovered:
D:1:      dpeg_arrival_chambers_temple_mockup, layout_basic, serial_shops,
          nicolae_lakefront_shop, hellmonk_ecumenical_altar_inner_sanctum
D:2:      layout_rooms, serial_shops, nicolae_shop_window_shopping

Skill      XL: |  1  2  3 |
---------------+----------+-----
Axes           | 1 2 |  2.5
Shields        | 3 |  3.6
Fighting       | |  3.0
Spellcasting   | |  4.0
Ice Magic      | |  1.0

Action                   |  1- 3 |  4- 6 || total
-------------------------+-------+-------++-------
Melee: Club              |     9 |       ||     9
       War axe           |    27 |    21 ||    48
       Constrict         |     9 |     4 ||    13
       Tentacles         |     6 |     2 ||     8
Invok: Renounce Religion |     1 |       ||     1
 Stab: Sleeping          |     4 |     2 ||     6
Armor: Skin              |     2 |     2 ||     4
Dodge: Dodged            |    20 |    12 ||    32
Block: Kite shield       |    14 |     9 ||    23
